3L
SEATTLE AVIATORS @ DETROIT RENAISSANCE
07/19/2030
 
TOP OF THE 1ST
Seattle Aviators batting - Pitching for Detroit Renaissance : RHP Ryan Bentley
Pitching: RHP Ryan Bentley
Batting: LHB Jorge Ortíz 0-0: Called Strike
0-1: Foul Ball, location: 2F
0-2: Ball
1-2: SINGLE (Groundball, 56D)
Batting: RHB Albert Zamudio 0-0: Swinging Strike
0-1: Ball
Throwing error on steal attempt, E2
Jorge Ortíz to third
1-1: Ball
2-1: Ball
3-1: Called Strike
3-2: Strikes out swinging
Batting: LHB Kenny Webster 0-0: Ball
1-0: Fly out, F9 (Flyball, 89D)
Runner from 3rd tags up, SCORES, throw made
Batting: LHB Jorge Mojica 0-0: Swinging Strike
0-1: Swinging Strike
0-2: Ball
1-2: Strikes out swinging
Top of the 1st over - 1 run, 1 hit, 1 error, 0 left on base; Seattle 1 - Detroit 0
BOTTOM OF THE 1ST
Detroit Renaissance batting - Pitching for Seattle Aviators : RHP José Muńóz
Pitching: RHP José Muńóz
Batting: RHB Steve Irwin 0-0: Ball
1-0: Ball
2-0: Foul Ball, location: 2F
2-1: Fly out, F6 (Popup, 6D)
Batting: LHB Elian Gonzalez 0-0: Called Strike
0-1: Called Strike
0-2: Ball
1-2: Ball
2-2: Foul Ball, location: 2F
2-2: Ground out 6-3 (Groundball, 6)
Batting: RHB Eric D'Angle 0-0: Called Strike
0-1: Ball
1-1: Foul Ball, location: 2F
1-2: Foul Ball, location: 2F
1-2: SINGLE (Flyball, 9LS)
Batting: RHB Quincy van Enk 0-0: Called Strike
0-1: Foul Ball, location: 2F
0-2: Foul Ball, location: 2F
0-2: Foul Ball, location: 2F
0-2: Foul Ball, location: 2F
0-2: Ball
1-2: Ball
2-2: Foul Ball, location: 2F
2-2: Foul Ball, location: 2F
2-2: Strikes out swinging, 2-3 out at first.
Bottom of the 1st over - 0 runs, 1 hit, 0 errors, 1 left on base; Seattle 1 - Detroit 0
TOP OF THE 2ND
Seattle Aviators batting - Pitching for Detroit Renaissance : RHP Ryan Bentley
Batting: LHB Dong-jin Kim 0-0: Ball
1-0: Called Strike
1-1: Fly out, F9 (Flyball, 9)
Batting: LHB Pedro Corona 0-0: Ball
1-0: Foul Ball, location: 2F
1-1: Fly out, F5 (Popup, 5SF)
Batting: RHB José Rodríguez 0-0: Swinging Strike
0-1: Swinging Strike
0-2: Ball
1-2: Strikes out swinging
Top of the 2nd over - 0 runs, 0 hits, 0 errors, 0 left on base; Seattle 1 - Detroit 0
BOTTOM OF THE 2ND
Detroit Renaissance batting - Pitching for Seattle Aviators : RHP José Muńóz
Batting: LHB Eric Thackston 0-0: SINGLE (Groundball, 4MD)
Batting: RHB Roberto Hernández 0-0: Ball
1-0: Swinging Strike
1-1: Foul Ball, location: 2F
1-2: Foul Ball, location: 2F
1-2: Strikes out looking
Batting: SHB Shiki Sanu 0-0: Foul Ball, location: 2F
0-1: Ball
1-1: Foul Ball, location: 2F
1-2: Foul Ball, location: 2F
1-2: Fly out, F9 (Flyball, 9)
Batting: LHB Josh Platt 0-0: Called Strike
0-1: Ball
1-1: Swinging Strike
1-2: Ball
2-2: SINGLE (Groundball, 34D)
Eric Thackston to second
Runner from 2nd tries for 3rd, SAFE, no throw
Batting: RHB Sixto Estrada 0-0: Ball
1-0: Ball
2-0: DOUBLE (Flyball, 8RD)
Eric Thackston scores
Josh Platt to third
Batting: RHB Steve Irwin 0-0: Foul Ball, location: 2F
0-1: Ball
1-1: Ground out U3 (Groundball, 34)
Bottom of the 2nd over - 1 run, 3 hits, 0 errors, 2 left on base; Seattle 1 - Detroit 1
TOP OF THE 3RD
Seattle Aviators batting - Pitching for Detroit Renaissance : RHP Ryan Bentley
Batting: RHB Patrick Eggen 0-0: Ball
1-0: Called Strike
1-1: Swinging Strike
1-2: Ball
2-2: Strikes out swinging
Batting: RHB José Leyva 0-0: Ball
1-0: Ball
2-0: Ground out 5-3 (Groundball, 5L)
Batting: LHB Jorge Ortíz 0-0: Called Strike
0-1: SINGLE (Line Drive, 9S)
Batting: RHB Albert Zamudio 0-0: Called Strike
0-1: Ball
1-1: Fly out, F8 (Flyball, 89M)
Top of the 3rd over - 0 runs, 1 hit, 0 errors, 1 left on base; Seattle 1 - Detroit 1
BOTTOM OF THE 3RD
Detroit Renaissance batting - Pitching for Seattle Aviators : RHP José Muńóz
Batting: LHB Elian Gonzalez 0-0: Ball
1-0: Called Strike
1-1: Called Strike
1-2: Ball
2-2: Foul Ball, location: 2F
2-2: Fly out, F9 (Flyball, 9LS)
Batting: RHB Eric D'Angle 0-0: Called Strike
0-1: Swinging Strike
0-2: Ball
1-2: Ball
2-2: Ball
3-2: DOUBLE (Flyball, 78XD)
Batting: RHB Quincy van Enk 0-0: Ball
1-0: Ball
2-0: Ground out 4-3 (Groundball, 4)
Eric D'Angle to third
Batting: LHB Eric Thackston 0-0: Intentional Walk
Batting: RHB Roberto Hernández 0-0: Ball
1-0: Called Strike
1-1: Foul Ball, location: 2F
1-2: Ball
2-2: Fielders Choice at 2nd, 6-4 (Groundball, 6)
Bottom of the 3rd over - 0 runs, 1 hit, 0 errors, 2 left on base; Seattle 1 - Detroit 1
TOP OF THE 4TH
Seattle Aviators batting - Pitching for Detroit Renaissance : RHP Ryan Bentley
Batting: LHB Kenny Webster 0-0: Called Strike
0-1: Ball
1-1: Ball
2-1: Ground out 6-3 (Groundball, 6)
Batting: LHB Jorge Mojica 0-0: Ball
1-0: Called Strike
1-1: Fly out, F8 (Line Drive, 8LD)
Batting: LHB Dong-jin Kim 0-0: Ball
1-0: Ground out 1-3 (Groundball, 13)
Top of the 4th over - 0 runs, 0 hits, 0 errors, 0 left on base; Seattle 1 - Detroit 1
BOTTOM OF THE 4TH
Detroit Renaissance batting - Pitching for Seattle Aviators : RHP José Muńóz
Batting: SHB Shiki Sanu 0-0: Foul Ball, location: 2F
0-1: Foul Ball, location: 2F
0-2: Foul Ball, location: 2F
0-2: Ball
1-2: Foul Ball, location: 2F
1-2: Ball
2-2: Foul Ball, location: 2F
2-2: Foul Ball, location: 2F
2-2: Foul Ball, location: 2F
2-2: Ball
3-2: Fly out, F8 (Flyball, 8LS)
Batting: LHB Josh Platt 0-0: Called Strike
0-1: Ball
1-1: SINGLE (Groundball, 4D)
Batting: RHB Sixto Estrada 0-0: Fly out, F9 (Flyball, 9S)
Batting: RHB Steve Irwin 0-0: Foul Ball, location: 2F
0-1: SINGLE (Groundball, 3D)
Josh Platt to second
Runner from 2nd tries for 3rd, SAFE, no throw
Batting: LHB Elian Gonzalez 0-0: Ball
1-0: Called Strike
1-1: Ball
2-1: Swinging Strike
2-2: Ball
3-2: SINGLE (Line Drive, 7S)
Josh Platt scores
Steve Irwin to second
Steve Irwin to third
Batting: RHB Eric D'Angle 0-0: Ball
1-0: Fly out, F8 (Flyball, 8RD)
Bottom of the 4th over - 1 run, 3 hits, 0 errors, 2 left on base; Seattle 1 - Detroit 2
TOP OF THE 5TH
Seattle Aviators batting - Pitching for Detroit Renaissance : RHP Ryan Bentley
Batting: LHB Pedro Corona 0-0: Called Strike
0-1: Swinging Strike
0-2: Foul Ball, location: 2F
0-2: Ball
1-2: Ball
2-2: Ball
3-2: Foul Ball, location: 2F
3-2: Foul Ball, location: 2F
3-2: Foul Ball, location: 2F
3-2: Ground out 6-3 (Groundball, 6)
Batting: RHB José Rodríguez 0-0: Called Strike
0-1: Ball
1-1: Foul Ball, location: 2F
1-2: Ball
2-2: Ball
3-2: Strikes out swinging
Batting: RHB Patrick Eggen 0-0: Called Strike
0-1: Ball
1-1: Swinging Strike
1-2: Fly out, F7 (Flyball, 7LS)
Top of the 5th over - 0 runs, 0 hits, 0 errors, 0 left on base; Seattle 1 - Detroit 2
BOTTOM OF THE 5TH
Detroit Renaissance batting - Pitching for Seattle Aviators : RHP José Muńóz
Batting: RHB Quincy van Enk 0-0: Ball
1-0: Called Strike
1-1: Fly out, F3 (Popup, 3SF)
Batting: LHB Eric Thackston 0-0: Ball
1-0: Foul Ball, location: 2F
1-1: Ball
2-1: Fly out, F9 (Flyball, 9LSF)
Batting: RHB Roberto Hernández 0-0: Ball
1-0: Foul Ball, location: 2F
1-1: Ball
2-1: Ball
3-1: Base on Balls
Batting: SHB Shiki Sanu 0-0: Ball
1-0: Ball
2-0: Foul Ball, location: 2F
2-1: Foul Ball, location: 2F
2-2: Foul Ball, location: 2F
2-2: Ground out 4-3 (Groundball, 4)
Bottom of the 5th over - 0 runs, 0 hits, 0 errors, 1 left on base; Seattle 1 - Detroit 2
TOP OF THE 6TH
Seattle Aviators batting - Pitching for Detroit Renaissance : RHP Ryan Bentley
Batting: RHB José Leyva 0-0: Ball
1-0: SOLO HOME RUN (Flyball, 7D), Distance : 367 ft
Batting: LHB Jorge Ortíz 0-0: Ball
1-0: Ball
2-0: Ball
3-0: Called Strike
3-1: Called Strike
3-2: Strikes out swinging, 2-3 out at first.
Batting: RHB Albert Zamudio 0-0: Ball
1-0: Ball
2-0: Called Strike
2-1: Foul Ball, location: 2F
2-2: Foul Ball, location: 2F
2-2: Ball
3-2: Strikes out looking
Batting: LHB Kenny Webster 0-0: Ball
1-0: Ball
2-0: Ball
3-0: Called Strike
3-1: Base on Balls
Batting: LHB Jorge Mojica 0-0: Fly out, F8 (Flyball, 8RM)
Top of the 6th over - 1 run, 1 hit, 0 errors, 1 left on base; Seattle 2 - Detroit 2
BOTTOM OF THE 6TH
Detroit Renaissance batting - Pitching for Seattle Aviators : RHP José Muńóz
Batting: LHB Josh Platt 0-0: Ball
1-0: Ground out 4-3 (Groundball, 4)
Batting: RHB Sixto Estrada 0-0: Called Strike
0-1: SINGLE (Groundball, 34D)
Pitching: RHP Zach Rediker
Batting: RHB Steve Irwin 0-0: Ball
1-0: Ground out 6-3 (Groundball, 6MS)
Sixto Estrada to second
Batting: LHB Elian Gonzalez 0-0: Ball
1-0: Called Strike
1-1: Swinging Strike
Pickoff Throw to Second - Error! E1
Sixto Estrada to third
1-2: Strikes out swinging
Bottom of the 6th over - 0 runs, 1 hit, 1 error, 1 left on base; Seattle 2 - Detroit 2
TOP OF THE 7TH
Seattle Aviators batting - Pitching for Detroit Renaissance : RHP Ryan Bentley
Batting: LHB Dong-jin Kim 0-0: Foul Ball, location: 2F
0-1: Ball
1-1: Foul Ball, location: 2F
1-2: Strikes out swinging
Batting: LHB Pedro Corona 0-0: Ball
1-0: Ground out 4-3 (Groundball, 4M)
Batting: RHB José Rodríguez 0-0: Called Strike
0-1: Ball
1-1: SINGLE (Line Drive, 8LS)
Pinch Hitting: LHB Ignacio Martínez 0-0: Ball
Throwing error on steal attempt, E2
José Rodríguez to third
1-0: Ball
2-0: Foul Ball, location: 2F
2-1: TRIPLE (Flyball, 78XD)
José Rodríguez scores
Batting: RHB José Leyva 0-0: Ground out 6-3 (Groundball, 6)
Top of the 7th over - 1 run, 2 hits, 1 error, 1 left on base; Seattle 3 - Detroit 2
BOTTOM OF THE 7TH
Detroit Renaissance batting - Pitching for Seattle Aviators : RHP Zach Rediker
Now in CF: Nuygen Vuong
Batting: RHB Eric D'Angle 0-0: Called Strike
0-1: Ground out 6-3 (Groundball, 6)
Batting: RHB Quincy van Enk 0-0: Ball
1-0: Swinging Strike
1-1: Swinging Strike
1-2: Ground out 5-3 (Groundball, 56S)
Batting: LHB Eric Thackston 0-0: Called Strike
0-1: Called Strike
0-2: Ball
1-2: Strikes out swinging
Bottom of the 7th over - 0 runs, 0 hits, 0 errors, 0 left on base; Seattle 3 - Detroit 2
TOP OF THE 8TH
Seattle Aviators batting - Pitching for Detroit Renaissance : RHP Ryan Bentley
Batting: LHB Jorge Ortíz 0-0: Fly out, F7 (Line Drive, 78M)
Batting: RHB Albert Zamudio 0-0: Ball
1-0: Called Strike
1-1: Ground out 5-3 (Groundball, 56)
Batting: LHB Kenny Webster 0-0: Ball
1-0: Ball
2-0: Fly out, F9 (Flyball, 9S)
Top of the 8th over - 0 runs, 0 hits, 0 errors, 0 left on base; Seattle 3 - Detroit 2
BOTTOM OF THE 8TH
Detroit Renaissance batting - Pitching for Seattle Aviators : RHP Zach Rediker
Batting: RHB Roberto Hernández 0-0: Called Strike
0-1: Ball
1-1: Swinging Strike
1-2: Foul Ball, location: 2F
1-2: Ball
2-2: Strikes out swinging
Batting: SHB Shiki Sanu 0-0: Called Strike
0-1: Swinging Strike
0-2: Ball
1-2: Ball
2-2: Foul Ball, location: 2F
2-2: Foul Ball, location: 2F
2-2: Fly out, F8 (Flyball, 8LM)
Batting: LHB Josh Platt 0-0: Called Strike
0-1: Foul Ball, location: 2F
0-2: Ball
1-2: Ball
2-2: Foul Ball, location: 2F
2-2: Strikes out looking
Bottom of the 8th over - 0 runs, 0 hits, 0 errors, 0 left on base; Seattle 3 - Detroit 2
TOP OF THE 9TH
Seattle Aviators batting - Pitching for Detroit Renaissance : RHP Ryan Bentley
Batting: LHB Jorge Mojica 0-0: Called Strike
0-1: Ball
1-1: Ball
2-1: Called Strike
2-2: Strikes out swinging
Batting: LHB Dong-jin Kim 0-0: Foul Ball, location: 2F
0-1: Foul Ball, location: 2F
0-2: Ball
1-2: Ball
2-2: Ball
3-2: Ground out 6-3 (Groundball, 6S)
Batting: LHB Pedro Corona 0-0: Ball
1-0: Ball
2-0: Called Strike
2-1: Foul Ball, location: 2F
2-2: Ball
3-2: Fly out, F8 (Flyball, 8RXD)
Top of the 9th over - 0 runs, 0 hits, 0 errors, 0 left on base; Seattle 3 - Detroit 2
BOTTOM OF THE 9TH
Detroit Renaissance batting - Pitching for Seattle Aviators : RHP Zach Rediker
Pitching: LHP Yajirobei Otomo
Batting: RHB Sixto Estrada 0-0: Called Strike
0-1: Called Strike
0-2: Ball
1-2: Ground out 5-3 (Groundball, 56)
Batting: RHB Steve Irwin 0-0: Hit by Pitch
Pinch Hitting: RHB Takashi Miike 0-0: Called Strike
0-1: TRIPLE (Line Drive, 89XD)
Steve Irwin scores
Batting: RHB Eric D'Angle 0-0: Intentional Walk
Batting: RHB Quincy van Enk 0-0: Foul Ball, location: 2F
0-1: Ball
1-1: Swinging Strike
1-2: Strikes out looking
Batting: LHB Eric Thackston 0-0: Ball
1-0: Ball
2-0: SINGLE (Line Drive, 78S)
Takashi Miike scores
Sunday, March 18th, 2018 - OOTP Baseball 18.8 Build 76